AoeStats
← leonor22

African Clearing

510344347Analyzed
4v4 RM · 18h ago on Sep 30, 2026· 31m 52s· 8 players
Game mode
Random Map
Map size
Large (8 player)
Population
200
Speed
Normal
Resources
Standard
Victory
Conquest
Starting age
Dark Age
Ending age
Imperial Age
RankedLock teamsTeams togetherTeam positionsShared explorationLock speedFull tech treeHidden civsTurbo modeCheats
Victory
Defeat
🇨🇴 Georgians · Colombia
1104
+15
🇨🇴 Khmer · Colombia
1091
+16
🇨🇴 Vietnamese · Colombia
1025
+18
🇨🇴 Celts · Colombia
979
+21
🇷🇺 Bulgarians · Russia
1109
-18
🇦🇷 Persians · Argentina
1107
-19
🇻🇪 Huns · Venezuela
1062
-17
🇧🇷 Varangians · Brazil
1041
-16
the King
9:03 Loom
12:06 Loom
17:39 Feudal Age
24:08 Castle Age
23:10 Fletching
23:21 Padded Archer Armor
26:54 Bodkin Arrow
27:41 Scale Mail Armor
marcosprojj
5:30 Loom
14:13 Feudal Age
19:35 Castle Age
19:02 Forging
repulge
10:20 Loom
12:57 Feudal Age
15:16 Double-Bit Axe
18:00 Castle Age
15:55 Horse Collar
17:43 Scale Barding Armor
19:02 Bow Saw
21:03 Heavy Plow
DM
Ctrl Gio
3:25 Loom
12:10 Feudal Age
16:09 Double-Bit Axe
16:38 Forging
19:53 Scale Barding Armor
22:44 Castle Age
21:14 Bloodlines
24:23 Husbandry
25:10 Iron Casting
24:31 Town Watch
24:49 Gold Mining
25:11 Bow Saw
Lord_Mank
3:41 Loom
14:48 Feudal Age
15:40 Double-Bit Axe
27:53 Castle Age
leonor22
6:25 Loom
13:24 Feudal Age
20:24 Castle Age
20:57 Pikeman
30:28 Town Watch
31:26 Double-Bit Axe
AndGio1
3:32 Loom
5:17 Loom
5:22 Loom
5:57 Loom
13:23 Feudal Age
18:09 Castle Age
17:26 Fletching
22:17 Double-Bit Axe
27:00 Bodkin Arrow
Connection lost

Rejoining the realm…

Still unreachable

The connection could not be restored.

Session expired

The server has moved on; the page needs a fresh start.